 Dungeon Crawl Stone Soup version 0.29.1-2-gbd0b4ee654 (webtiles) character file.

Game seed: 13944052659255119748

5 JimmyDeans the Trooper (level 1, -2/18 HPs)
             Began as a Demonspawn Abyssal Knight on Oct 27, 2022.
             Was a Believer of Lugonu.
             Slain by a frilled lizard (3 damage)
             ... on level 1 of the Dungeon.
             The game lasted 00:02:08 (166 turns).

JimmyDeans the Trooper (Demonspawn Abyssal Knight)   Turns: 166, Time: 00:02:09

Health: -2/18      AC:  3    Str: 13    XL:     1   Next: 66%
Magic:  2/2        EV: 11    Int: 11    God:    Lugonu [**....]
Gold:   37         SH:  0    Dex: 13    Spells: 0/0 levels left

rFire   . . .      SeeInvis .   a - +2 falchion
rCold   . . .      Faith    .   (no shield)
rNeg    . . .      Spirit   .   b - +0 leather armour
rPois   .          Reflect  .   (no helmet)
rElec   .          Harm     .   (no cloak)
rCorr   .          Rampage  .   (no gloves)
Will    .....                   (no boots)
Stlth   +.........              (no amulet)
HPRegen 0.06/turn               (no ring)
MPRegen 0.08/turn               (no ring)

@: no status effects
A: no striking features
a: Renounce Religion, Depart the Abyss, Bend Space


You were on level 1 of the Dungeon.
You worshipped Lugonu.
Lugonu was pleased with you.
You visited 1 branch of the dungeon, and saw 1 of its levels.
You visited the Abyss 1 time.

You collected 37 gold pieces.

Inventory:

Hand Weapons
 a - a +2 falchion (weapon)
Armour
 b - a +0 leather armour (worn)
 c - a +0 ring mail


   Skills:
 + Level 3.3 Fighting
 + Level 1.8 Long Blades
 + Level 1.8 Armour
 + Level 0.8 Dodging
 + Level 2.4 Invocations


You couldn't memorise any spells.
You didn't know any spells.
Your spell library was empty.

Dungeon Overview and Level Annotations

Branches:
Dungeon (1/15)

Altars:


Message History

The ball python hisses angrily.
A goblin comes into view. It is wielding a +0 club.
Found a halberd and 8 stones.
A kobold and a frilled lizard come into view.
The goblin shouts!
There is an open door here.
The ball python bites you. The ball python grabs you.
The ball python constricts you.
The kobold shouts!
The frilled lizard hisses angrily.
You hit the ball python.
The ball python is severely wounded.
The ball python barely misses you. The ball python constricts you.
The ball python bites you. The ball python constricts you.
You escape the ball python's grasp.
There is an open door here.
The ball python barely misses you. x2
You hit the ball python.
You kill the ball python!
Lugonu accepts your kill. The goblin hits you with a +0 club.
You closely miss the goblin. The goblin hits you but does no damage.
You barely miss the goblin. The goblin barely misses you.
You hit the goblin.
The goblin is severely wounded.
The goblin hits you with a +0 club.
* * * LOW HITPOINT WARNING * * *
You slash the goblin!
You kill the goblin!
Lugonu accepts your kill.
The frilled lizard bites you but does no damage.
You hit the frilled lizard.
The frilled lizard is heavily wounded.
The frilled lizard misses you.
You completely miss the frilled lizard.
The frilled lizard is heavily wounded.
The frilled lizard bites you but does no damage.
The frilled lizard bites you.
* * * LOW HITPOINT WARNING * * *
The frilled lizard bites you.
You die...

#>.........#.## #.#.....).
##+##....#..#####.........
#8.8##..).#.##...........#
.....##........####......#
.....8##.................#
.......##................#
....(..8#.....#####......#
..)....Kl.###.### #......#
.......8#@....... #.....(#
.......####.#.###..####..#
.....8# #.#.. ##. ..##
.....# . ... #. ...# #8.8#
.. .. ###.# ##+# .. #.#
... #.# .#


You could see a kobold and a frilled lizard.

Vanquished Creatures
  2 goblins (D:1)
  A kobold (D:1)
  A ball python (D:1)
  A bat (D:1)
5 creatures vanquished.

Notes
Turn   | Place    | Note
-------+----------+-------------------------------------------
     0 | Abyss:1  | JimmyDeans the Demonspawn Abyssal Knight began the quest
                  | for the Orb.
     0 | Abyss:1  | Reached XP level 1. HP: 18/18 MP: 2/2
     3 | D:1      | Escaped the Abyss
   166 | D:1      | Slain by a frilled lizard

Illustrated notes

Levels and vault maps discovered:
D:1:      nzn_arrival_depleted_hourglass, layout_rooms, dk_noncrumbling_4

Action                   || total
-------------------------++-------
Melee: Falchion          ||    16
  Use: Scroll            ||     1
Armor: Leather armour    ||    12
Dodge: Dodged            ||    11
